 Dungeon Crawl Stone Soup version 0.27-a0-1149-g4505690ab0 (webtiles) character file.

Game seed: 11697113016678622875

5018 ragingrage the Brawler (level 10, -2/77 HPs)
             Began as a Ghoul Monk on May 13, 2021.
             Was an Elder of Yredelemnul.
             Slain by a gnoll shaman
             ... wielding a +0 club
              (6 damage)
             ... on level 9 of the Dungeon.
             The game lasted 00:08:03 (8920 turns).

ragingrage the Brawler (Ghoul Monk)                 Turns: 8920, Time: 00:08:03

Health: -2/77      AC: 10    Str: 17    XL:     10   Next: 55%
Magic:  9/9        EV:  7    Int:  5    God:    Yredelemnul [****..]
Gold:   570        SH:  0    Dex: 13    Spells: 9/9 levels left

rFire    . . .     SeeInvis .     - Unarmed
rCold    + . .     Faith    .   (no shield)
rNeg     + + +     Spirit   .   d - +0 chain mail
rPois    ∞         Reflect  .   B - +1 hat {Stlth+}
rElec    .         Harm     .   f - +0 cloak
rCorr    .         Rampage  .   (no gloves)
Will     .....                  (no boots)
Stlth    ..........             (no amulet)
HPRegen  0.00/turn              (no ring)
MPRegen  0.11/turn              (no ring)

@: no status effects
A: claws 1, cold resistance 1, negative energy resistance 3, inhibited
regeneration, torment resistance 2
a: Renounce Religion, Recall Undead Slaves, Injury Mirror, Animate Dead, Drain
Life


You were on level 9 of the Dungeon.
You worshipped Yredelemnul.
Yredelemnul was greatly pleased with you.
You visited 1 branch of the dungeon, and saw 9 of its levels.

You collected 570 gold pieces.

Inventory:

Missiles
 A - a curare-tipped dart (quivered)
Armour
 d - a +0 chain mail (worn)
 f - a +0 cloak (worn)
 B - a +1 hat of stealth (worn)
Jewellery
 w - a ring of poison resistance
Wands
 o - a wand of iceblast (11)
 q - a wand of acid (8)
 s - a wand of paralysis (6)
 x - a wand of flame (17)
Scrolls
 e - 3 scrolls of teleportation
 h - 2 scrolls of brand weapon {unknown}
 j - 4 scrolls of noise {unknown}
 k - a scroll of holy word {unknown}
 l - 8 scrolls of identify {unknown}
 m - a scroll of fog {unknown}
 n - 2 scrolls of acquirement {unknown}
 t - a scroll of vulnerability {unknown}
 v - a scroll of summoning {unknown}
 y - a scroll of amnesia {unknown}
 C - a scroll of magic mapping {unknown}
Potions
 a - a potion of haste {unknown}
 b - 2 potions of might {unknown}
 c - 3 potions of heal wounds {unknown}
 g - 5 potions of curing {unknown}
 i - 3 potions of mutation {unknown}
 p - a potion of berserk rage {unknown}
 r - a potion of brilliance {unknown}
 u - a potion of attraction {unknown}
 z - 2 potions of flight {unknown}


   Skills:
 - Level 3.2 Fighting
 - Level 2.6 Dodging
 - Level 2.1 Stealth
 + Level 15.9 Unarmed Combat


You had 9 spell levels left.
You didn't know any spells.
Your spell library contained the following spells:

 Spells                   Type           Power      Damage    Failure   Level
 Animate Skeleton         Necr           0%         N/A       100%        1
 Freeze                   Ice            0%         1d3       100%        1
 Pain                     Necr           0%         1d4       100%        1
 Summon Small Mammal      Summ           0%         N/A       100%        1
 Call Imp                 Summ           0%         N/A       100%        2
 Call Canine Familiar     Summ           0%         N/A       100%        3
 Frozen Ramparts          Ice            0%         1d2       100%        3
 Ozocubu's Armour         Ice            0%         N/A       100%        3
 Summon Guardian Golem    Hex/Summ       0%         N/A       100%        3
 Vampiric Draining        Necr           0%         2d6       100%        3
 Animate Dead             Necr           0%         N/A       100%        4
 Hailstorm                Conj/Ice       0%         3d3       100%        4
 Summon Ice Beast         Ice/Summ       0%         N/A       100%        4
 Summon Lightning Spire   Summ/Air       0%         N/A       100%        4
 Agony                    Necr           0%         N/A       100%        5
 Metabolic Englaciation   Hex/Ice        0%         N/A       100%        5


Dungeon Overview and Level Annotations

Branches:
Dungeon (9/15)             Temple (0/1) D:7
   Lair: D:8-11         Orc: D:9-12

Altars:
Dithmenos
Nemelex Xobeh
Yredelemnul

Shops:
D:3 [

Annotations:
D:6 exclusion: downstairs
D:8 2 transporters, HilariousDeathArtist's ghost, novice TeWn


Innate Abilities, Weirdness & Mutations

You thrive by killing the living.
You are immune to poison.
You have sharp fingernails.
Your flesh is cold resistant. (rC+)
You are immune to negative energy. (rN+++)
You do not regenerate when monsters are visible.
You are immune to unholy pain and torment.


Message History

You miss the kobold demonologist.
The kobold demonologist is severely wounded.
The kobold demonologist gestures wildly while chanting.
The gnoll hits you but does no damage.
The gnoll shaman invokes the aid of its god against you.
You easily resist.
You claw the kobold demonologist!
The kobold demonologist is almost dead.
The hellwing hits you but does no damage.
The hellwing hits you.
* * * LOW HITPOINT WARNING * * *
The gnoll barely misses you.
The kobold demonologist mumbles some strange words.
Unknown command.
Unknown command.
You completely miss the kobold demonologist.
The kobold demonologist is almost dead.
The smoke demon hits you.
* * * LOW HITPOINT WARNING * * *
The smoke demon hits you but does no damage. x2
The gnoll shaman hits you with a +0 club.
* * * LOW HITPOINT WARNING * * *
The hellwing hits you.
* * * LOW HITPOINT WARNING * * *
The hellwing hits you but does no damage.
The gnoll hits you with a +0 spear.
* * * LOW HITPOINT WARNING * * *
Unknown command.
Unknown command.
Unknown command.
You scratch the kobold demonologist.
The kobold demonologist is almost dead.
The kobold demonologist miscasts a cantrip.
The gnoll hits you with a +0 spear.
* * * LOW HITPOINT WARNING * * *
The smoke demon completely misses you.
The smoke demon hits you but does no damage. x2
The gnoll shaman hits you with a +0 club.
You die...
Yredelemnul claims you as an undead slave.

...# ...# ....## ...#
#....# ...# #....# ##.#
##....# #.# .....
#.###########.#########
#..............4K......
#............))@g5.....
##..............3g......
.................5......
........................
........................
#######.................
#...............##
#...............#
############


You could see a hellwing (summoned), a kobold demonologist, a smoke demon
(summoned), a gnoll shaman, a quasit (summoned), a gnoll (fast) and a shadow imp
(summoned).

Vanquished Creatures
  Gastronok (D:8)
  Grinder (D:5)
  4 yaks (D:8)
  A steam dragon (D:8)
  An acid dragon (D:8)
  A water moccasin (D:5)
  2 orc warriors (D:6)
  2 black bears
  An ice beast (D:8)
  A sky beast (D:5)
  A necrophage (D:5)
  A centaur (D:7)
  A phantom (D:5)
  A kobold brigand (D:7)
  A scorpion (D:4)
  A centaur zombie (D:7)
  2 bullfrog zombies
  2 hounds
  2 bullfrog skeletons
  2 centaur skeletons
  2 jellies
  Terence (D:3)
  7 orc wizards
  2 killer bee zombies
  A hound skeleton (D:4)
  8 gnolls
  2 adders
  A shadow imp (D:6)
  A white imp (D:7)
  An adder skeleton (D:4)
  2 worms (D:4)
  2 dart slugs
  18 orcs
  4 endoplasms
  3 giant cockroaches
  7 goblins
  8 hobgoblins
  12 jackals
  3 quokkas
  13 ball pythons
  3 bats
  3 frilled lizards
  6 kobolds
  A rat (D:3)
140 creatures vanquished.

Vanquished Creatures (collateral kills)
  Pikel (D:7)
  Menkaure (D:7)
  2 sky beasts (D:7)
  An orc warrior (D:8)
  A phantom (D:6)
  A lemure (D:7)
  A centaur (D:6)
  A scorpion (D:5)
  A wyvern skeleton (D:7)
  A bullfrog zombie (D:6)
  2 hounds
  A jelly (D:7)
  2 orc priests
  An orc wizard (D:6)
  4 gnolls
  A howler monkey skeleton (D:7)
  A dart slug (D:5)
  8 orcs
  A ball python (D:2)
  A frilled lizard (D:3)
  3 kobolds (D:7)
36 creatures vanquished.

Vanquished Creatures (others)
  A flying skull (D:8)
  A wight (D:5)
  A centaur zombie (D:7)
  A gnoll zombie (D:5)
  3 orc zombies (D:7)
7 creatures vanquished.

Grand Total: 183 creatures vanquished

Notes
Turn   | Place    | Note
-------+----------+-------------------------------------------
     0 | D:1      | ragingrage the Ghoul Monk began the quest for the Orb.
     0 | D:1      | Reached XP level 1. HP: 19/19 MP: 0/0
    51 | D:1      | Reached XP level 2. HP: 19/26 MP: 1/1
   204 | D:1      | Reached skill level 4 in Unarmed Combat
   467 | D:1      | Found a faded altar of an unknown god.
   481 | D:1      | Became a worshipper of Yredelemnul the Dark
   481 | D:1      | Reached * piety under Yredelemnul
   481 | D:1      | Reached ** piety under Yredelemnul
   724 | D:1      | Reached XP level 3. HP: 31/31 MP: 2/2
  1044 | D:2      | Reached *** piety under Yredelemnul
  1231 | D:2      | Reached skill level 5 in Unarmed Combat
  1839 | D:2      | Reached XP level 4. HP: 38/38 MP: 3/3
  2200 | D:3      | You fall into a shaft and drop 2 floors!
  2200 | D:5      | Entered Level 5 of the Dungeon
  2201 | D:5      | Noticed a scorpion
  2218 | D:5      | Noticed a phantom
  2323 | D:5      | Killed a phantom
  2324 | D:5      | Reached skill level 6 in Unarmed Combat
  2324 | D:5      | Reached XP level 5. HP: 25/45 MP: 4/4
  2352 | D:5      | Noticed a necrophage
  2364 | D:5      | Killed a necrophage
  2364 | D:5      | Received a gift from Yredelemnul (a wight)
  2365 | D:5      | Reached skill level 7 in Unarmed Combat
  2365 | D:5      | Reached XP level 6. HP: 29/51 MP: 5/5
  3067 | D:5      | Reached skill level 8 in Unarmed Combat
  3172 | D:5      | Noticed Grinder
  3194 | D:5      | Killed Grinder
  3195 | D:5      | Reached XP level 7. HP: 49/57 MP: 4/6
  3312 | D:5      | Reached skill level 9 in Unarmed Combat
  3789 | D:4      | Reached skill level 10 in Unarmed Combat
  3910 | D:4      | Reached XP level 8. HP: 61/63 MP: 7/7
  4346 | D:3      | Found Idghawie's Armour Shoppe.
  4406 | D:3      | Reached **** piety under Yredelemnul
  4823 | D:3      | Noticed Terence
  4826 | D:3      | Killed Terence
  5479 | D:6      | Received a gift from Yredelemnul (2 flying skulls)
  5625 | D:6      | Reached skill level 11 in Unarmed Combat
  5852 | D:6      | Received a gift from Yredelemnul (a mummy)
  6253 | D:6      | Reached skill level 12 in Unarmed Combat
  6526 | D:7      | Noticed Pikel
  6528 | D:7      | Noticed Menkaure
  6588 | D:7      | Reached XP level 9. HP: 70/70 MP: 8/8
  6676 | D:7      | Paralysed by an orc for 7 turns
  6683 | D:7      | Killed Menkaure
  6688 | D:7      | Killed Pikel
  6689 | D:7      | Reached skill level 13 in Unarmed Combat
  6889 | D:7      | Found a shadowy altar of Dithmenos.
  7203 | D:7      | Found a staircase to the Ecumenical Temple.
  7280 | D:8      | Received a gift from Yredelemnul (a mummy)
  7286 | D:8      | Reached skill level 14 in Unarmed Combat
  7449 | D:8      | Noticed HilariousDeathArtist's ghost (novice TeWn)
  7463 | D:8      | Found a transporter.
  7921 | D:8      | Found a transporter.
  7935 | D:8      | Reached XP level 10. HP: 60/77 MP: 9/9
  8046 | D:8      | Noticed Gastronok
  8060 | D:8      | Killed Gastronok
  8061 | D:8      | Reached skill level 15 in Unarmed Combat
  8148 | D:8      | Found a sparkling altar of Nemelex Xobeh.
  8901 | D:9      | Noticed a kobold demonologist
  8918 | D:9      | Noticed a smoke demon
  8920 | D:9      | Slain by a gnoll shaman

Illustrated notes

Levels and vault maps discovered:
D:1:      grunt_arrival_lava_bath, layout_loops_ring, serial_aquarium,
          aquarium_bridge_square [aquarium_subvault_balcony,
          aquarium_subvault_balcony, aquarium_subvault_bridge,
          aquarium_subvault_bridge], aquarium_window_corner,
          aquarium_window_corner, aquarium_window_3, aquarium_window_1,
          aquarium_view_2g, ebering_ecumenical_altar_ruins, serial_bayou_pond_d
D:2:      layout_basic, minmay_snake_closets
D:3:      layout_basic, serial_shops, nicolae_shop_statue_plus,
          amcnicky_mini_rare_corridor_liquid, minmay_misc_feat_rows,
          uniq_terence
D:4:      layout_cave_pools, nrook_loot_triangle
D:5:      minmay_general_purpose_star, layout_basic, fountainhead, uniq_grinder
D:6:      layout_basic, minmay_misc_feat_columns, kennysheep_pointless_box
D:7:      layout_rooms, old_standard_altar,
          minmay_temple_entry_drinking_statues, uniq_pikel, uniq_menkaure
D:8:      layout_loops_corners, nicolae_overflow_hidden_temple,
          gammafunk_ghost_stat_death, uniq_gastronok
D:9:      minmay_recursive_quarters, layout_irregular_city, demons_altar,
          lemuel_tele_altar, serial_shops, shop

Skill      XL: |  1  2  3  4  5  6  7  8  9 10 |
---------------+-------------------------------+-----
Unarmed Combat | 4 5 6 7 8 10 12 14 15 | 15.9
Fighting       | |  3.2
Dodging        | |  2.6
Stealth        | |  2.1

Action                   |  1- 3 |  4- 6 |  7- 9 | 10-12 || total
-------------------------+-------+-------+-------+-------++-------
Melee: Unarmed           |   117 |    60 |   268 |    41 ||   486
       Punch             |     3 |       |    11 |     4 ||    18
Throw: Dart              |       |       |       |     1 ||     1
Invok: Animate Dead      |     2 |     3 |    11 |       ||    16
       Recall Undead Sla |       |       |       |     1 ||     1
  Use: Scroll            |       |     1 |       |       ||     1
Armor: Robe              |     4 |       |       |       ||     4
       Chain mail        |    60 |    27 |   123 |    28 ||   238
Dodge: Dodged            |    38 |    15 |    69 |    13 ||   135

Table legend: (Time is in decaauts)
 A = Elapsed time spent in this place.
 B = Non-inter-level travel time spent in this place.
 C = Inter-level travel time spent in this place.
 D = Time resting spent in this place.
 E = Time spent auto-exploring this place.
 F = Levels seen in this place.
 G = Mean time per level.
                   A        B        C        D        E       F      G
               +--------+--------+--------+--------+--------+-----+--------+
         Total |   8874 |   8496 |    378 |    704 |   6696 |   9 |  986.0 |
       Dungeon |   8874 |   8496 |    378 |    704 |   6696 |   9 |  986.0 |
               +--------+--------+--------+--------+--------+-----+--------+

Top non-repeatable levels by time:
     D:8: 1628 daAuts
     D:5: 1524 daAuts
     D:2: 1166 daAuts
     D:6: 1150 daAuts
     D:3: 1108 daAuts
     D:1: 931 daAuts
     D:7: 673 daAuts
     D:4: 641 daAuts
     D:9: 49 daAuts
